 Dungeon Crawl Stone Soup version 0.24.0-13-gcf9b319 (webtiles) character file.

Game seed: 16242458578502923419, levelgen mode: deterministic

86 Bob6969 the Skirmisher (level 4, -1/40 HPs)
             Began as a Draconian Fighter on Mar 21, 2020.
             Succumbed to a gnoll's poison
             ... on level 3 of the Dungeon.
             The game lasted 00:10:01 (1757 turns).

Bob6969 the Skirmisher (Draconian Fighter)          Turns: 1757, Time: 00:10:01

Health: -1/40      AC:  5    Str: 23    XL:     4   Next: 27%
Magic:  4/4        EV: 11    Int:  8    God:
Gold:   108        SH:  9    Dex: 12    Spells: 2/3 levels left

rFire    x . .     SeeInvis .   a - +1 war axe
rCold    + . .     Gourm    .   b - +0 shield
rNeg     . . .     Faith    .   (armour unavailable)
rPois    .         Spirit   .   (helmet restricted)
rElec    .         Reflect  .   (no cloak)
rCorr    .         Harm     .   (no gloves)
MR       .....                  (no boots)
Stlth    +.........             (no amulet)
HPRegen  0.13/turn              k - ring of flight
MPRegen  0.09/turn              h - ring of ice

@: mighty, lethally poisoned (-1 -> -12), berserk cooldown, slowed, very slow
A: unfitting armour, cold-blooded, AC +5
a: Evoke Flight


You were on level 3 of the Dungeon.
You were not hungry.

You visited 1 branch of the dungeon, and saw 3 of its levels.

You collected 108 gold pieces.

Inventory:

Hand Weapons
 a - a +1 war axe (weapon)
 f - a +0 quarterstaff of pain
Missiles
 g - 132 stones (quivered)
Armour
 b - a +0 shield (worn)
Jewellery
 h - a ring of ice (right hand)
 k - a ring of flight (left hand)
Scrolls
 i - a scroll of immolation
 l - a scroll of remove curse
 m - 2 scrolls of identify
Potions
 e - a potion of berserk rage
 j - a potion of flight
 o - a potion of haste
Comestibles
 d - 2 rations
 n - 4 chunks of flesh


   Skills:
 + Level 3.9 Fighting
 + Level 2.8 Axes
 + Level 3.2 Dodging
 + Level 0.8 Stealth
 + Level 3.5 Shields


You had 2 spell levels left.
You knew the following spells:

 Your Spells              Type           Power        Failure   Level  Hunger
a - Magic Dart            Conj           #...         88%         1    ##.....

Your spell library contained the following spells:

 Spells                   Type           Power        Failure   Level  Hunger
 Searing Ray              Conj           #.....       96%         2    ###....
 Dazzling Spray           Conj/Hex       #.....       99%         3    ####...
 Force Lance              Conj/Tloc      #.......     100%        4    #####..
 Fulminant Prism          Conj/Hex       #.........   100%        4    #####..
 Iskenderun's Mystic Bla  Conj           #.......     100%        4    #####..


Dungeon Overview and Level Annotations

Branches:
Dungeon (3/15)

Altars:
Ashenzari
Cheibriados
Qazlal


Innate Abilities, Weirdness & Mutations

Your plain brown scales are hard. (AC +5)
You cannot fit into any form of body armour.
You are cold-blooded and may be slowed by cold attacks.


Message History

You hit the gnoll.
The gnoll is moderately wounded.
The gnoll hits you but does no damage.
You are poisoned.
The gnoll hits you with a +2 spear of venom.
* * * LOW HITPOINT WARNING * * *
You are more poisoned.
* * * LOW HITPOINT WARNING * * *
You feel very sick.
The gnoll shouts!
You block the gnoll's attack.
You see here a +0 halberd.
* * * LOW HITPOINT WARNING * * *
You feel sick. The gnoll completely misses you.
Items here: % ( ) ÷ † 3 poisoned darts; a +0 halberd; a kobold corpse; 4 chunks of flesh a gnoll skeleton
* * * LOW HITPOINT WARNING * * *
You feel sick.
You die...

####.#÷# #..# ..##.#.#
#..# ..##.<÷# #..#
..##...# #..# ...#...#
#..# ##.#...### #..#
........>#######..######
...#........gg(.........
#..#..#.########@.######
........# #..........#
#..###..# ##.###..##.#
#..# #..# ...# # #..#
#..# .... #..# #...
#.#### . ...#. #. ##


You could see 2 gnolls.

Vanquished Creatures
  2 gnolls (D:3)
  An adder (D:3)
  2 oozes
  A worm (D:3)
  A dart slug (D:1)
  2 leopard geckos
  3 bats
  5 giant cockroaches
  5 goblins
  4 hobgoblins
  A quokka (D:2)
  3 frilled lizards
  7 kobolds
  5 rats
42 creatures vanquished.

Notes
Turn   | Place    | Note
-------+----------+-------------------------------------------
     0 | D:1      | Bob6969 the Draconian Fighter began the quest for the Orb.
     0 | D:1      | Reached XP level 1. HP: 19/19 MP: 1/1
    70 | D:1      | Reached XP level 2. HP: 26/26 MP: 2/2
   675 | D:2      | Reached XP level 3. HP: 26/33 MP: 3/3
  1304 | D:3      | Found a shattered altar of Ashenzari.
  1304 | D:3      | Found a snail-covered altar of Cheibriados.
  1365 | D:3      | Found a stormy altar of Qazlal.
  1703 | D:3      | Learned a level 1 spell: Magic Dart
  1738 | D:3      | Reached XP level 4. HP: 23/40 MP: 4/4
  1756 | D:3      | HP: 1/40 [poisoned by a gnoll]
  1757 | D:3      | Succumbed to a gnoll's poison

Levels and vault maps discovered:
D:1:      beargit_arrival_greenhouse, layout_rooms, minivault_4
D:2:      layout_rooms
D:3:      layout_basic, nicolae_overflow_hidden_temple

Skill      XL: |  1  2 |
---------------+-------+-----
Dodging        | 3 |  3.2
Fighting       | |  3.9
Axes           | |  2.8
Stealth        | |  0.8
Shields        | |  3.5

Action                   |  1- 3 |  4- 6 || total
-------------------------+-------+-------++-------
Melee: War axe           |   112 |     6 ||   118
       Tailslap          |     8 |       ||     8
Throw: Stone             |     4 |       ||     4
  Use: Scroll            |     8 |       ||     8
       Potion            |     5 |       ||     5
  Eat: Chunk             |     2 |       ||     2
       Ration            |     1 |       ||     1
Armor: Skin              |    37 |     1 ||    38
Dodge: Dodged            |    45 |     3 ||    48
Block: Shield            |    68 |     5 ||    73
